 Dungeon Crawl Stone Soup version 0.31-a0-202-g547052bce9 (webtiles) character file.

Game seed: 1190699346472840976

193 qw the Skirmisher (level 5, -3/29 HPs)
             Began as a Deep Elf Hunter on June 26, 2023.
             Was an Initiate of Okawaru.
             Splashed by a jelly's acid (8 damage)
             ... on level 6 of the Dungeon.
             The game lasted 00:00:48 (1449 turns).

qw the Skirmisher (Deep Elf Hunter)                 Turns: 1449, Time: 00:00:48

Health: -3/29      AC:  6    Str: 16    XL:     5   Next: 44%
Magic:  7/7        EV: 11    Int: 14    God:    Okawaru [......]
Gold:   122        SH:  0    Dex: 18    Spells: 4/4 levels left

rFire   . . .        Y - +0 shortbow
rCold   + . .        (shield currently unavailable)
rNeg    . . .        k - +0 ring mail
rPois   .            b - +0 helmet
rElec   .            p - +0 cloak
rCorr   .            (no gloves)
SInv    .            o - +2 pair of boots
Will    .....        (no amulet)
Stlth   +            g - +6 ring of strength
HPRegen 0.24/turn    d - ring of protection from cold
MPRegen 0.10/turn

%: no passive effects
@: corroded
A: no striking features
a: Renounce Religion


You were on level 6 of the Dungeon.
You worshipped Okawaru.
Okawaru was noncommittal.
You visited 2 branches of the dungeon, and saw 5 of its levels.

You collected 122 gold pieces.


   Skills:
 - Level 1.5 Fighting
 - Level 9.0 Ranged Weapons
 + Level 0.0 Armour
 - Level 2.4 Dodging
 - Level 1.2 Stealth


You had 4 spell levels left.
You didn't know any spells.
Your spell library was empty.

Inventory:

Hand Weapons
 Y - a +0 shortbow (weapon)
Armour
 b - a +0 helmet (worn)
 k - a +0 ring mail (worn)
 o - a +2 pair of boots (worn)
 p - a +0 cloak (worn)
Jewellery
 d - a ring of protection from cold (right hand)
 g - a +6 ring of strength (left hand)
 j - a ring of positive energy
Scrolls
 a - a scroll of identify
Potions
 f - a potion of curing
 i - a potion of mutation {unknown}
 l - a potion of lignification {unknown}
 m - a potion of invisibility {unknown}
 n - a potion of enlightenment {unknown}
 q - a potion of cancellation {unknown}

Dungeon Overview and Level Annotations

Branches:
Dungeon (6/15)             Temple (1/1) D:6

Altars:
Elyvilon
Fedhas
Okawaru
Qazlal
Sif Muna
Trog
Uskayaw
Vehumet
Xom
Zin
The Shining One

Shops:
D:2 (

Annotations:
D:6 Dowan


Message History

The arrow hits Duvessa but does no damage.
Duvessa is heavily wounded.
Duvessa says, "When magic and the sword combine, nothing stands against them."
Duvessa drinks a potion.
Duvessa seems to speed up.
A jelly comes into view.
You shoot an arrow. The jelly quivers.
The arrow hits Duvessa but does no damage.
Duvessa is heavily wounded.
Duvessa hits you with a +1 short sword of speed.
Dowan gestures wildly while chanting.
Dowan blinks!
Duvessa misses you.
You shoot an arrow. The arrow hits Duvessa.
Duvessa is severely wounded.
Duvessa hits you but does no damage.
Duvessa hits you with a +1 short sword of speed.
You shoot an arrow. The arrow hits Duvessa.
Duvessa is severely wounded.
Duvessa hits you but does no damage.
Duvessa hits you with a +1 short sword of speed.
You shoot an arrow. The arrow hits Duvessa!
You kill Duvessa!
Okawaru is honoured by your kill.
Dowan screams, "No!
Oh no!"
Dowan seems to find hidden reserves of power!
Your Ranged Weapons skill gained 2 levels and is now at level 9!
You have reached level 5!
You shoot an arrow. The arrow closely misses Dowan.
Dowan hits you with a +0 dagger.
You shoot an arrow. The arrow barely misses Dowan.
Dowan hits you but does no damage. x2
You shoot an arrow. The arrow closely misses Dowan.
Dowan says, "How can I live without her?"
Dowan hits you but does no damage.
You shoot an arrow. The arrow hits the jelly.
The jelly is lightly wounded.
Dowan breathes, "And she was my only..."
Dowan barely misses you. The jelly hits you. The acid corrodes you!
You are splashed with acid!
You die...

#.....#
...$.###.....######
.......+...........
......#.....######
.....#......##
#...#./.}...#
#...##......####
#..e##}.>.}....#
#..J@..........#
#####...}......#
#..........#
#...##.....# #####
.....# .....#
.....#


You could see Dowan (fast) and a jelly.

Vanquished Creatures
  Duvessa (D:6)
  A gnoll (D:1)
  3 adders
  A worm (D:2)
  A dart slug (D:2)
  5 endoplasms (D:2)
  4 giant cockroaches (D:1)
  A goblin (D:2)
  3 hobgoblins
  6 jackals (D:1)
  7 bats
  5 frilled lizards (D:1)
  8 kobolds
  5 rats
51 creatures vanquished.

Notes
Turn   | Place    | Note
-------+----------+-------------------------------------------
     0 | D:1      | qw the Deep Elf Hunter began the quest for the Orb.
     0 | D:1      | Reached XP level 1. HP: 12/12 MP: 3/3
     0 | D:1      | 0 ||| qw: Version: 0.3-a-22-g0ed2b0b
     0 | D:1      | 0 ||| qw: Game counter: 5824
     0 | D:1      | 0 ||| qw: Melee chars always use a shield: true
     0 | D:1      | 0 ||| qw: God list: Okawaru
     0 | D:1      | 0 ||| qw: Allow faded altars: false
     0 | D:1      | 0 ||| qw: Do Orc after clearing Dungeon:15 true
     0 | D:1      | 0 ||| qw: Do second Lair branch before Depths: true
     0 | D:1      | 0 ||| qw: Lair rune preference: random
     0 | D:1      | 0 ||| qw: Goals: Normal
     0 | D:1      | 0 ||| PLANNING D:1-11
   126 | D:1      | Reached XP level 2. HP: 16/16 MP: 4/4
   133 | D:1      | Reached skill level 6 in Ranged Weapons
   207 | D:1      | HP: 3/16 [kobold/+0 club (3)]
   332 | D:1      | Reached XP level 3. HP: 20/20 MP: 5/5
   599 | D:1      | 599 ||| UPGRADING to +0 pair of boots.
   604 | D:1      | 604 ||| UPGRADING to +6 ring of strength.
   605 | D:1      | 605 ||| READING scroll labelled JAOMPUBL AKOSE.
   606 | D:1      | 606 ||| READING scroll labelled ELUSMI SOVALAU.
   644 | D:1      | 644 ||| READING scroll labelled OTUCZA GECIR.
   648 | D:1      | 648 ||| DROPPING scroll of butterflies.
   698 | D:2      | Reached skill level 7 in Ranged Weapons
   976 | D:2      | Found Leddimak's Weapon Emporium.
  1000 | D:2      | HP: 4/20 [worm (3)]
  1003 | D:2      | Reached XP level 4. HP: 5/25 MP: 6/6
  1023 | D:2      | 1023 ||| FLEEEEING.
  1024 | D:2      | 1024 ||| FLEEEEING.
  1025 | D:2      | 1025 ||| FLEEEEING.
  1026 | D:2      | 1026 ||| FLEEEEING.
  1027 | D:2      | 1027 ||| FLEEEEING.
  1028 | D:2      | 1028 ||| FLEEEEING.
  1091 | D:2      | 1091 ||| SHOPLISTING +3 arbalest of draining (326 gold,
                  | have 115).
  1102 | D:2      | Found a shimmering altar of Xom.
  1243 | D:2      | 1243 ||| UPGRADING to +0 helmet.
  1248 | D:2      | 1248 ||| UPGRADING to +0 ring mail.
  1258 | D:2      | 1258 ||| DROPPING +0 leather armour.
  1259 | D:2      | 1259 ||| UPGRADING to +2 pair of boots.
  1269 | D:2      | 1269 ||| DROPPING +0 pair of boots.
  1270 | D:2      | 1270 ||| UPGRADING to +0 cloak.
  1275 | D:2      | 1275 ||| UPGRADING to ring of protection from cold.
  1276 | D:2      | 1276 ||| READING 3 scrolls labelled WUYLAI AFRUCHY.
  1277 | D:2      | 1277 ||| DRINKING 2 inky potions.
  1278 | D:2      | 1278 ||| READING 2 scrolls of identify.
  1278 | D:2      | 1278 ||| IDENTIFYING bubbling emerald potion
  1279 | D:2      | 1279 ||| DROPPING potion of attraction.
  1351 | D:3      | You fall into a shaft and drop 3 floors!
  1363 | D:6      | Found a staircase to the Ecumenical Temple.
  1364 | D:6      | 1364 ||| PLANNING TEMPLE
  1372 | Temple   | Entered the Ecumenical Temple
  1374 | Temple   | 1374 ||| PLANNING OKAWARU WORSHIP
  1419 | Temple   | Became a worshipper of Warmaster Okawaru
  1420 | Temple   | 1420 ||| PLANNING D:1-11
  1436 | D:6      | Noticed Duvessa
  1437 | D:6      | Noticed Dowan
  1445 | D:6      | Killed Duvessa
  1446 | D:6      | Reached skill level 9 in Ranged Weapons
  1446 | D:6      | Reached XP level 5. HP: 8/29 MP: 7/7
  1446 | D:6      | HP: 6/29 [Dowan/+0 dagger (3)]
  1449 | D:6      | Splashed by a jelly's acid

Levels and vault maps discovered:
D:1:      onia_arrival_mini_maze_b, layout_rooms
D:2:      layout_basic, serial_shops, shop, basic_altar, minmay_hexomino_c4
D:3:      layout_loops_corners, ebering_ghost_sewer_d, hangedman_decor_opposing,
          st_stairs_1
D:6:      layout_basic, temple_fountains, uniq_duvessa
Temple:   hellmonk_temple_of_storms

Skill      XL: |  1  2  3  4 |
---------------+-------------+-----
Ranged Weapons | 6 7 9 |  9.0
Fighting       | |  1.5
Dodging        | |  2.4
Stealth        | |  1.2

Action                     |  1- 3 |  4- 6 || total
---------------------------+-------+-------++-------
   Fire: Shortbow          |   143 |    37 ||   180
    Use: Scroll            |     3 |     2 ||     5
         Potion            |       |     1 ||     1
 Armour: Leather armour    |    19 |     2 ||    21
         Ring mail         |       |     9 ||     9
  Dodge: Dodged            |    54 |     7 ||    61

Table legend:
 A = Non-vault XP
 B = Vault XP
 C = Vault XP percentage of total XP
 D = Non-vault monster count
 E = Vault monster count
 F = Vault count percentage of total count
                 A         B        C        D         E       F
            +---------+---------+-------+---------+---------+-------
      Total |     100 |     177 |  63.9 |      42 |       9 |  17.6
            +---------+---------+-------+---------+---------+-------
        D:1 |      56 |       1 |   1.8 |      29 |       1 |   3.3
        D:2 |      18 |      29 |  61.7 |      11 |       7 |  38.9
        D:3 |      26 |       0 |   0.0 |       2 |       0 |   0.0
        D:6 |       0 |     147 | 100.0 |       0 |       1 | 100.0
            +---------+---------+-------+---------+---------+-------
